AoeStats
← HR nomadplayer

Nomad

506042295Analyzed
4v4 RM · 20d ago on Sep 12, 2026· 39m 30s· 8 players
Game mode
Random Map
Map size
231×231
Population
200
Speed
Normal
Resources
Standard
Victory
Conquest
Starting age
Dark Age
Ending age
Imperial Age
RankedLock teamsTeams togetherTeam positionsShared explorationLock speedFull tech treeHidden civsTurbo modeCheats
Victory
Defeat
🇨🇳 Magyars · China
1817
+19
🇧🇬 Italians · Bulgaria
1816
+19
🇬🇹 Turks · Guatemala
1810
+19
🇺🇸 Celts · United States
1803
+19
🇨🇱 Dravidians · Chile
1964
-22
🇨🇱 Vietnamese · Chile
1962
-23
🇨🇱 Byzantines · Chile
1806
-16
🇨🇳 Muisca · China
1772
-15
Zni.Locuss
4:55 Loom
13:18 Feudal Age
14:06 Town Watch
17:15 Castle Age
15:40 Double-Bit Axe
16:58 Fletching
17:33 Padded Archer Armor
18:34 Bodkin Arrow
20:44 Bow Saw
23:09 Ballistics
25:57 Wheelbarrow
25:16 Gold Mining
30:35 Horse Collar
36:08 Imperial Age
35:30 Leather Archer Armor
36:43 Hand Cart
36:43 Hand Cart
37:00 Bracer
38:09 Chemistry
39:44 Ring Archer Armor
嗚
4:04 Loom
13:13 Feudal Age
13:47 Double-Bit Axe
13:51 Fishing Lines
18:15 Gold Mining
20:26 Castle Age
18:59 Town Watch
20:04 Stone Mining
21:20 Bow Saw
21:24 Medium Warships
21:08 Gillnets
22:28 Wheelbarrow
24:49 Gold Shaft Mining
26:24 Scale Barding Armor
26:19 Scale Mail Armor
26:31 Forging
27:27 Chain Mail Armor
31:31 Horse Collar
33:06 Stone Shaft Mining
36:04 Imperial Age
34:06 Heavy Plow
35:01 Iron Casting
35:45 Arson
36:25 Hand Cart
36:08 Elite Woad Raider
37:26 Plate Mail Armor
39:51 Blast Furnace
38:42 Fletching
爱人跟人走
4:50 Loom
12:02 Feudal Age
12:35 Double-Bit Axe
12:39 Town Watch
22:33 Castle Age
21:55 Scale Barding Armor
22:15 Horse Collar
22:38 Light Cavalry
24:03 Bow Saw
23:53 Heavy Plow
25:20 Husbandry
31:14 Wheelbarrow
34:05 Hand Cart
36:30 Imperial Age
35:49 Bloodlines
36:11 Gold Mining
37:13 Chain Barding Armor
36:40 Cavalier
38:04 Conscription
38:16 Paladin
39:42 Plate Barding Armor
40:22 Gold Shaft Mining
Sarin
7:32 Loom
8:06 Loom
12:31 Feudal Age
16:51 Castle Age
15:02 Double-Bit Axe
16:19 Fletching
16:42 Fishing Lines
17:45 Bodkin Arrow
18:02 Bow Saw
21:45 Wheelbarrow
22:57 Padded Archer Armor
24:32 Ballistics
23:57 Horse Collar
29:37 Leather Archer Armor
30:45 Bloodlines
36:16 Imperial Age
35:30 Husbandry
36:21 Heavy Cavalry Archer
37:04 Bracer
38:12 Ring Archer Armor
37:51 Thumb Ring
38:59 Parthian Tactics
[CL] el castigador
4:47 Loom
4:55 Loom
5:43 Loom
13:53 Feudal Age
14:37 Double-Bit Axe
14:45 Town Watch
15:43 Fletching
18:11 Castle Age
17:04 Horse Collar
17:25 Padded Archer Armor
18:57 Bodkin Arrow
19:28 Bow Saw
19:19 Heavy Plow
19:57 Wheelbarrow
20:50 Ballistics
22:41 Husbandry
24:14 Bloodlines
30:53 Thumb Ring
34:22 Hand Cart
36:51 Imperial Age
33:46 Elite Skirmisher
35:47 Thumb Ring
37:31 Bracer
38:34 Chemistry
36:58 Imperial Skirmisher
39:03 Leather Archer Armor
HR nomadplayer
4:29 Loom
4:57 Loom
11:56 Feudal Age
20:44 Castle Age
19:55 Double-Bit Axe
21:55 Bow Saw
22:18 Medium Warships
22:15 Fishing Lines
23:40 Horse Collar
25:03 Heavy Plow
33:22 Imperial Age
32:04 Fletching
33:31 Bodkin Arrow
33:37 Padded Archer Armor
35:01 Bracer
34:22 Elite Skirmisher
36:25 Leather Archer Armor
37:01 Wheelbarrow
37:18 Ballistics
38:55 Chemistry
38:27 Thumb Ring
38:12 Imperial Skirmisher
39:13 Hand Cart
YYQ
5:43 Loom
13:41 Feudal Age
15:20 Double-Bit Axe
15:35 Stone Mining
18:12 Castle Age
17:24 Horse Collar
19:53 Fletching
23:04 Padded Archer Armor
30:34 Wheelbarrow
31:07 Bow Saw
32:16 Town Watch
33:48 Bodkin Arrow
35:37 Gold Mining
[CL] Pain
10:11 Loom
12:32 Feudal Age
14:19 Fletching
14:22 Double-Bit Axe
15:47 Fishing Lines
20:50 Castle Age
21:34 Bodkin Arrow
22:52 Padded Archer Armor
23:04 Bow Saw
24:01 Wheelbarrow
30:38 Horse Collar
Connection lost

Rejoining the realm…

Still unreachable

The connection could not be restored.

Session expired

The server has moved on; the page needs a fresh start.